Map: [ESL] Dragon Scales

Players

herO - Winner!

  • Race: Protoss Protoss

Oliveira

  • Race: Terran Terran

Event: IEM Katowice 2023

VOD

Have the link to the VOD?

Description

Time

  • Played on: Feb. 12, 2023, 11:45 a.m.
  • Length: 6:37

All games in this series

Show
View Real Time Build Order
Export as new Build Order

herO Protoss - Winner!

Build Orders: 1 Gate Expand, Oracle Opening, Blink Stalkers 

Get SALT Encoding   

  12  0:00  Probe  
  13  0:12  Probe  
  14  0:18  Pylon  
  14  0:24  Probe (Chrono Boost)  
  15  0:37  Probe (Chrono Boost)  
  15  0:39  Gateway  
  16  0:45  Probe (Chrono Boost)  
  16  0:48  Assimilator  
  17  0:51  Probe  
  18  1:03  Probe  
  19  1:15  Probe  
  20  1:26  Cybernetics Core  
  20  1:35  Nexus  
  20  1:42  Pylon  
  20  1:45  Probe  
  21  1:50  Assimilator  
  21  1:57  Probe (Chrono Boost)  
  22  2:02  Adept  
  25  2:09  Probe (Chrono Boost)  
  25  2:15  Probe (Chrono Boost)  
  25  2:17  Stargate  
  26  2:24  Probe  
  26  2:26  Warp Gate  
  27  2:35  Stalker  
  27  2:36  Probe (Chrono Boost)  
  30  2:47  Probe (Chrono Boost)  
  32  2:54  Probe (Chrono Boost)  
  32  2:56  Probe (Chrono Boost)  
  33  3:00  Oracle (Chrono Boost)  
  33  3:01  Probe x2 (Chrono Boost)  
  38  3:08  Pylon  
  38  3:14  Gateway  
  38  3:15  Probe x2  
  40  3:25  Twilight Council  
  40  3:29  Gateway  
  40  3:34  Probe x2  
  42  3:41  Gateway  
  42  3:46  Probe x2  
  44  3:49  Pylon  
  44  3:55  Blink (Chrono Boost)  
  44  3:58  Probe x2  
  46  4:08  Assimilator  
  46  4:10  Probe  
  46  4:11  Probe  
  46  4:14  Shield Battery, Stalker  
  50  4:17  Stalker  
  50  4:23  Probe x2  
  54  4:29  Pylon, Stalker  
  56  4:39  Stalker  
  56  4:40  Stalker  
  56  4:44  Stalker  
  62  4:50  Pylon  
  62  5:05  Stalker x3  
  66  5:14  Stalker  
  68  5:16  Pylon  
  66  5:31  Stalker x3  
  72  5:42  Stalker  
  74  5:51  Gateway  
  74  5:52  Gateway  
  74  5:55  Gateway  
  74  5:56  Stalker x3  
  76  6:18  Nexus, Probe (Chrono Boost)  
  78  6:19  Probe (Chrono Boost)  
  78  6:21  Pylon, Stalker x2  
  78  6:22  Stalker  
  84  6:30  Probe (Chrono Boost)  
Show
View Real Time Build Order
Export as new Build Order

Oliveira Terran 

Build Orders:  

Get SALT Encoding   

  12  0:00  SCV  
  13  0:12  SCV  
  14  0:17  Supply Depot  
  14  0:24  SCV  
  15  0:39  SCV  
  15  0:40  Barracks  
  16  0:45  Refinery  
  16  0:51  SCV  
  17  1:03  SCV  
  18  1:15  SCV  
  19  1:29  Marine  
  19  1:30  Orbital Command  
  20  1:48  Command Center  
  20  1:49  Barracks Reactor  
  20  1:55  SCV  
  20  1:58  Supply Depot  
  21  2:07  SCV  
  22  2:11  Factory  
  22  2:19  SCV  
  22  2:21  Barracks  
  23  2:26  Marine x2  
  25  2:31  SCV  
  26  2:44  Marine x2, SCV  
  27  2:45  Refinery  
  29  2:55  Factory Tech Lab  
  29  2:56  SCV  
  30  3:00  Orbital Command  
  30  3:04  Marine x2  
  32  3:08  SCV  
  32  3:09  Barracks Tech Lab  
  33  3:13  Cyclone  
  36  3:20  SCV  
  36  3:24  Supply Depot  
  37  3:27  Stimpack  
  37  3:28  SCV  
  37  3:32  Marine, SCV  
  37  3:34  Marine  
  40  3:37  Marine  
  40  3:40  SCV  
  43  3:44  SCV  
  43  3:47  Siege Tank  
  47  3:49  Supply Depot  
  47  3:52  Marine, SCV  
  47  3:54  Marine  
  50  3:58  SCV  
  50  4:01  Marine  
  51  4:04  SCV  
  51  4:08  Starport  
  52  4:10  Marine, SCV  
  52  4:13  Supply Depot  
  52  4:14  Marine  
  52  4:16  SCV  
  56  4:22  Marine, Engineering Bay  
  56  4:24  SCV  
  58  4:28  Siege Tank  
  58  4:29  SCV  
  62  4:35  Marine, Supply Depot  
  62  4:37  Marine, SCV  
  65  4:44  SCV  
  65  4:45  Marine, Refinery  
  67  4:47  Medivac  
  67  4:50  SCV  
  70  4:56  Marine  
  70  4:58  Marine, Barracks  
  70  4:59  SCV  
  72  5:02  Marine, SCV  
  70  5:18  SCV  
  70  5:20  SCV  
  72  5:22  Marine  
  72  5:25  Marine  
  72  5:27  Marine  
  74  5:30  SCV  
  74  5:34  Factory Reactor, SCV  
  67  5:38  Refinery  
  67  5:39  Marine  
  67  5:42  SCV  
  64  5:43  Marine  
  64  5:45  Marine  
  64  5:46  SCV  
  64  5:48  Starport Reactor  
  67  5:54  SCV  
  67  5:58  SCV  
  67  6:03  Marine x2, Marauder  
  70  6:06  SCV  
  70  6:10  SCV  
  69  6:11  Marine  
  69  6:14  Bunker  
  59  6:19  SCV  
  59  6:22  SCV, Supply Depot  
  66  6:29  Supply Depot  

Tags
 
Add a new tag
Caveats
  • Supply blocks, unpowered buildings, or Contaminate may cause inaccurate times.
  • Supply counts are checked every 10 seconds.